AoeStats
← 陟遐自迩

MegaRandom

509543608Analyzed
4v4 RM · 5d ago on Sep 27, 2026· 34m 6s· 8 players
Game mode
Random Map
Map size
Large (8 player)
Population
200
Speed
Normal
Resources
Standard
Victory
Conquest
Starting age
Dark Age
Ending age
Imperial Age
RankedLock teamsTeams togetherTeam positionsShared explorationLock speedFull tech treeHidden civsTurbo modeCheats
Victory
Defeat
🇦🇷 Britons · Argentina
1007
+13
🇬🇹 Khmer · Guatemala
965
+15
🇷🇴 Byzantines · Romania
958
+15
🇵🇪 Japanese · Peru
922
+17
🇩🇪 Saxons · Germany
1005
-17
🇨🇦 Spanish · Canada
990
-17
🇮🇩 Britons · Indonesia
905
-14
🇨🇳 Burgundians · China
873
-12
Causa rellena
13:12 Feudal Age
13:42 Double-Bit Axe
14:36 Fishing Lines
19:38 Loom
22:07 Castle Age
20:24 Gold Mining
20:24 Stone Mining
20:24 Gold Mining
20:31 Stone Mining
21:17 Fletching
23:02 Wheelbarrow
23:13 Bow Saw
23:45 Gold Shaft Mining
23:12 Bodkin Arrow
23:32 Gillnets
23:47 Treadmill Crane
24:01 Guard Tower
26:24 Yasama
31:07 Imperial Age
30:25 Ballistics
30:22 Forging
30:12 Scale Mail Armor
30:13 Padded Archer Armor
32:05 Gambesons
32:06 Arson
32:21 Squires
32:49 Kataparuto
33:22 Hand Cart
34:31 Chemistry
L.U.C.4
8:16 Loom
11:12 Feudal Age
11:55 Double-Bit Axe
12:16 Man-at-Arms
16:00 Fletching
21:35 Castle Age
20:30 Horse Collar
23:30 Wheelbarrow
24:37 Padded Archer Armor
25:23 Thumb Ring
28:22 Bodkin Arrow
29:42 Leather Archer Armor
29:15 Elite Skirmisher
29:44 Arson
29:59 Squires
31:38 Forging
32:49 Husbandry
axelinho 123836
8:45 Loom
10:37 Feudal Age
11:46 Double-Bit Axe
21:20 Wheelbarrow
24:46 Horse Collar
25:27 Padded Archer Armor
25:20 Fletching
30:03 Castle Age
28:33 Padded Archer Armor
30:48 Heavy Plow
31:00 Bow Saw
35:24 Imperial Age
Muerto de Hambre
7:33 Loom
11:32 Feudal Age
17:14 Castle Age
15:06 Gold Mining
16:59 Horse Collar
19:02 Bloodlines
21:42 Husbandry
27:06 Double-Bit Axe
28:46 Wheelbarrow
35:00 Imperial Age
33:05 Stone Mining
tank_the_turtle
7:49 Loom
11:32 Feudal Age
13:19 Double-Bit Axe
13:31 Fishing Lines
18:13 Padded Archer Armor
20:26 Castle Age
20:49 Fletching
23:09 Gold Mining
23:29 Gillnets
24:21 Elite Skirmisher
25:57 Wheelbarrow
25:37 Town Watch
26:22 Stone Mining
28:17 Bodkin Arrow
28:38 Leather Archer Armor
觅桃豚
0:59 Loom
13:22 Feudal Age
12:14 Double-Bit Axe
陟遐自迩
0:50 Loom
13:26 Feudal Age
13:45 Man-at-Arms
15:45 Fishing Lines
16:45 Wheelbarrow
17:01 Double-Bit Axe
20:33 Forging
27:01 Castle Age
25:08 Stone Mining
25:11 Gold Mining
25:59 Scale Mail Armor
25:51 Fletching
28:09 Gillnets
28:32 Bow Saw
29:39 Gold Shaft Mining
33:21 Imperial Age
31:08 Squires
32:45 Iron Casting
32:26 Chain Mail Armor
32:14 Clerical Recruitment
34:00 Gambesons
34:54 Conscription
Levreap
11:56 Loom
13:42 Feudal Age
16:10 Double-Bit Axe
18:45 Castle Age
21:53 Padded Archer Armor
21:43 Fletching
23:13 Wheelbarrow
26:10 Horse Collar
27:14 Bow Saw
Connection lost

Rejoining the realm…

Still unreachable

The connection could not be restored.

Session expired

The server has moved on; the page needs a fresh start.